AoeStats
← TAFKAP

Arabia

510632196Analyzed
1v1 RM · 2d ago on Oct 1, 2026· 64m 49s· 2 players
Game mode
Random Map
Map size
Tiny (2 player)
Population
200
Speed
Normal
Resources
Standard
Victory
Conquest
Starting age
Dark Age
Ending age
Imperial Age
RankedLock teamsTeams togetherTeam positionsShared explorationLock speedFull tech treeHidden civsTurbo modeCheats
Victory
Defeat
🇪🇸 Tupi · Spain
787
+18
🇩🇪 Byzantines · Germany
839
-18
WolfCry
8:21 Loom
12:14 Feudal Age
12:18 Champi Runner
12:56 Arson
13:46 Horse Collar
13:54 Double-Bit Axe
15:24 Scale Mail Armor
16:44 Forging
18:33 Arson
23:10 Castle Age
22:01 Stone Mining
23:53 Squires
23:27 Champi Warrior
25:00 Heavy Plow
25:13 Bow Saw
26:10 Chain Mail Armor
30:09 Wheelbarrow
29:20 Town Watch
29:25 Treadmill Crane
29:42 Murder Holes
29:50 Gold Mining
30:52 Ballistics
33:53 Pikeman
35:54 Caciques
38:29 Fletching
38:40 Padded Archer Armor
39:26 Gold Shaft Mining
41:40 Bodkin Arrow
42:01 Leather Archer Armor
42:22 Iron Casting
48:34 Imperial Age
46:21 Hand Cart
46:07 Town Patrol
48:40 Halberdier
48:41 Elite Champi Warrior
49:45 Conscription
48:47 Elite Blackwood Archer
50:02 Hoardings
50:37 Curare
51:04 Bracer
51:36 Ring Archer Armor
51:36 Plate Mail Armor
56:15 Two-Man Saw
54:59 Capped Ram
58:50 Siege Ram
TAFKAP
6:25 Loom
9:58 Feudal Age
10:33 Double-Bit Axe
25:44 Castle Age
23:44 Stone Mining
24:50 Forging
29:26 Gold Mining
31:24 Scale Barding Armor
34:29 Iron Casting
38:48 Husbandry
42:32 Chain Barding Armor
43:49 Horse Collar
47:05 Imperial Age
48:21 Wheelbarrow
48:53 Thumb Ring
48:11 Elite Skirmisher
51:20 Fletching
51:31 Padded Archer Armor
53:36 Gold Shaft Mining
55:05 Ballistics
63:38 Bodkin Arrow
63:58 Leather Archer Armor
Connection lost

Rejoining the realm…

Still unreachable

The connection could not be restored.

Session expired

The server has moved on; the page needs a fresh start.